 Dungeon Crawl Stone Soup version 0.31.0-9-g3a7656b989 (webtiles) character file.

Game seed: 7618843136894419787

247 qw the Shooter (level 5, -4/42 HPs)
             Began as a Demigod Hunter on Feb 2, 2024.
             Slain by a gnoll
             ... wielding a +0 spear
              (9 damage)
             ... on level 3 of the Dungeon.
             The game lasted 00:00:10 (2198 turns).

qw the Shooter (Demigod Hunter)                     Turns: 2198, Time: 00:00:10

Health: -4/42      AC:  5    Str: 12    XL:     5   Next: 54%
Magic:  7/7        EV: 11    Int: 11    God:
Gold:   173        SH:  0    Dex: 21    Spells: 4/4 levels left

rFire   . . .        a - +0 shortbow
rCold   . . .        (shield currently unavailable)
rNeg    . . .        g - +0 ring mail
rPois   .            (no helmet)
rElec   .            (no cloak)
rCorr   +            (no gloves)
SInv    .            (no boots)
Will    .....        f - amulet of regeneration
Stlth   +            h - ring of resist corrosion
HPRegen 1.07/turn    (no ring)
MPRegen 0.10/turn

%: no passive effects
@: no status effects
A: high MP 1, forlorn, divine attributes
a: no special abilities


You were on level 3 of the Dungeon.
You visited 1 branch of the dungeon, and saw 3 of its levels.

You collected 173 gold pieces.


Innate Abilities, Weirdness & Mutations

You have an increased reservoir of magic. (+10% MP)
You shall have no god before yourself.
Your divine heritage dramatically boosts your attributes as you level up.


   Skills:
 + Level 2.4 Fighting
 - Level 6.0 Ranged Weapons
 - Level 1.1 Armour
 - Level 2.1 Dodging
 - Level 0.8 Stealth


You had 4 spell levels left.
You didn't know any spells.
Your spell library was empty.

Inventory:

Hand Weapons
 a - a +0 shortbow (weapon)
Armour
 g - a +0 ring mail (worn)
Jewellery
 f - an amulet of regeneration (around neck)
 h - a ring of resist corrosion (left hand)
Potions
 d - a potion of mutation {unknown}
 i - a potion of magic {unknown}
 j - a potion of curing {unknown}

Dungeon Overview and Level Annotations

Branches:
Dungeon (3/15)

Shops:
D:1 [


Message History

The gnoll closely misses you.
You shoot an arrow. The arrow hits the gnoll.
The gnoll is moderately wounded.
The gnoll hits you from afar with a +0 spear.
The gnoll hits you with a +0 flail. The gnoll hits you with a +0 whip.
You shoot an arrow. The arrow hits the gnoll!
The gnoll is severely wounded.
The gnoll hits you from afar with a +0 spear.
The gnoll hits you but does no damage.
You shoot an arrow. The arrow hits the gnoll!
You kill the gnoll!
The gnoll hits you with a +0 flail.
The gnoll hits you from afar with a +0 spear.
You shoot an arrow. The arrow barely misses the gnoll.
The gnoll hits you with a +0 flail.
The gnoll hits you from afar with a +0 spear.
The frilled lizard bites you. The gnoll hits you with a +0 flail.
The gnoll hits you from afar with a +0 spear.
The frilled lizard misses you.
You shoot an arrow. The arrow hits the gnoll!
The gnoll is severely wounded.
The gnoll closely misses you. The frilled lizard closely misses you.
The gnoll barely misses you.
You shoot an arrow. The arrow barely misses the gnoll.
The gnoll hits you from afar with a +0 spear.
The gnoll hits you but does no damage.
The frilled lizard bites you but does no damage.
You shoot an arrow. The arrow hits the gnoll.
The gnoll is almost dead.
The gnoll barely misses you.
The gnoll hits you from afar with a +0 spear.
The frilled lizard misses you.
You shoot an arrow. The arrow hits the gnoll!
You kill the gnoll!
The gnoll closely misses you.
The frilled lizard bites you but does no damage.
You shoot an arrow. The arrow hits the frilled lizard!
You kill the frilled lizard!
The gnoll hits you from afar with a +0 spear!
You die...

~7 #..## ~7 #...#
##..# ~7##.<># . ....#
~#.... #.. ##.#.
'...##.... #...g.....
#.)$...... #@#
#########.#
..........######
#####.<........ ##
#.#########
.#############.#######
.##............%......
.....>.........######.
....#########..#


You could see a gnoll.

Vanquished Creatures
  An orc priest (D:3)
  An orc wizard (D:3)
  Terence (D:3)
  Robin (D:3)
  6 gnolls
  3 adders (D:2)
  A white imp (D:3)
  A dart slug (D:1)
  A ribbon worm (D:2)
  3 orcs
  10 bats
  6 endoplasms
  A giant cockroach (D:1)
  4 hobgoblins
  3 kobolds
  8 ball pythons
  5 frilled lizards
  8 goblins
  7 rats
71 creatures vanquished.

Notes
Turn   | Place    | Note
-------+----------+-------------------------------------------
     0 | D:1      | qw the Demigod Hunter began the quest for the Orb.
     0 | D:1      | Reached XP level 1. HP: 17/17 MP: 3/3
     0 | D:1      | 0 ||| qw: Version: 0.3-a-155-g5e7d8dd
     0 | D:1      | 0 ||| qw: Game counter: 437
     0 | D:1      | 0 ||| qw: Melee chars always use a shield: true
     0 | D:1      | 0 ||| qw: God list: Okawaru
     0 | D:1      | 0 ||| qw: Allow faded altars: false
     0 | D:1      | 0 ||| qw: Do Orc after clearing Dungeon:15 true
     0 | D:1      | 0 ||| qw: Do second Lair branch before Depths: true
     0 | D:1      | 0 ||| qw: Lair rune preference: random
     0 | D:1      | 0 ||| qw: Goals: Normal
     0 | D:1      | 0 ||| PLANNING D:1-11
    58 | D:1      | Found Tyegg's Armour Shoppe.
    66 | D:1      | 66 ||| SHOPLISTING +0 pair of gloves (45 gold, have 0).
    66 | D:1      | 66 ||| SHOPLISTING +2 pair of boots of rampaging (215 gold,
                  | have 0).
   124 | D:1      | Reached skill level 4 in Ranged Weapons
   144 | D:1      | Reached XP level 2. HP: 24/24 MP: 4/4
   846 | D:1      | 846 ||| UPGRADING to +0 ring mail.
   856 | D:1      | 856 ||| DROPPING +0 leather armour.
   857 | D:1      | 857 ||| UPGRADING to ring of resist corrosion.
   858 | D:1      | 858 ||| READING 3 scrolls labelled IWUSHR CARROVIL.
   863 | D:1      | 863 ||| READING scroll labelled DOXOIDGHUKIX.
   864 | D:1      | 864 ||| DROPPING scroll of butterflies.
   866 | D:1      | 866 ||| Stepping ~*~*~tactically~*~*~ (cloud).
   872 | D:1      | HP: 6/24 [poisoned by you (poison gas)]
  1113 | D:2      | Reached XP level 3. HP: 29/29 MP: 5/5
  1334 | D:2      | Identified the +0 chain mail of Benevolence {*Slow rF+
                  | Will++ Regen+}
  1441 | D:2      | Reached skill level 5 in Ranged Weapons
  1706 | D:2      | Reached XP level 4. HP: 36/36 MP: 6/6
  1711 | D:2      | Reached skill level 1 in Armour
  1797 | D:2      | 1797 ||| UPGRADING to amulet of regeneration.
  1802 | D:2      | 1802 ||| READING scroll labelled FOENLUHOIN.
  1802 | D:2      | 1802 ||| ENCHANTING +0 shortbow.
  1803 | D:2      | 1803 ||| READING scroll labelled POOLOR TI HOMN.
  1882 | D:3      | Noticed Robin
  1893 | D:3      | Killed Robin
  1894 | D:3      | HP: 9/36 [white imp/puff of frost (7)]
  1895 | D:3      | 1895 ||| READING 2 scrolls of teleportation.
  1895 | D:3      | HP: 4/36 [rat (3)]
  2015 | D:3      | 2015 ||| FLEEEEING.
  2019 | D:3      | 2019 ||| FLEEEEING.
  2023 | D:3      | 2023 ||| FLEEEEING.
  2024 | D:3      | 2024 ||| FLEEEEING.
  2025 | D:3      | 2025 ||| FLEEEEING.
  2027 | D:3      | 2027 ||| FLEEEEING.
  2028 | D:3      | 2028 ||| FLEEEEING.
  2029 | D:3      | 2029 ||| FLEEEEING.
  2030 | D:3      | 2030 ||| FLEEEEING.
  2031 | D:3      | 2031 ||| FLEEEEING.
  2032 | D:3      | 2032 ||| FLEEEEING.
  2047 | D:3      | Reached XP level 5. HP: 20/41 MP: 7/7
  2052 | D:3      | HP: 7/41 [orc priest/divine providence (14)]
  2053 | D:3      | 2053 ||| READING scroll of teleportation.
  2055 | D:3      | Noticed Terence
  2059 | D:3      | HP: 3/41 [Terence/+0 falchion (8)]
  2060 | D:3      | Killed Terence
  2061 | D:3      | Reached skill level 6 in Ranged Weapons
  2193 | D:3      | HP: 9/41 [gnoll/+0 spear (6)]
  2193 | D:3      | HP: 3/41 [gnoll/+0 spear (2)]
  2198 | D:3      | Slain by a gnoll

Levels and vault maps discovered:
D:1:      elethiomel_arrival_maze, layout_basic, serial_shops, shop,
          nicolae_the_louvre
D:2:      layout_loops_ring, shapermc_ecumenical_altar_mp_urbaneastern,
          hangedman_decor_clover_reticule, minmay_tall_x
D:3:      layout_loops_ring, gammafunk_temple_overflow_wave,
          saegor_snake_ambush, uniq_robin, uniq_terence

Skill      XL: |  1  2  3  4  5 |
---------------+----------------+-----
Ranged Weapons | 4 5 6 |  6.0
Fighting       | 2 |  2.4
Dodging        | 2 |  2.1
Armour         | 1 |  1.1
Stealth        | |  0.8

Action                     |  1- 3 |  4- 6 || total
---------------------------+-------+-------++-------
   Fire: Shortbow          |   136 |    93 ||   229
    Use: Scroll            |     2 |     4 ||     6
 Armour: Leather armour    |    13 |       ||    13
         Ring mail         |    35 |    72 ||   107
  Dodge: Dodged            |    43 |    45 ||    88

Table legend:
 A = Non-vault XP
 B = Vault XP
 C = Vault XP percentage of total XP
 D = Non-vault monster count
 E = Vault monster count
 F = Vault count percentage of total count
                 A         B        C        D         E       F
            +---------+---------+-------+---------+---------+-------
      Total |     292 |      62 |  17.5 |      59 |      12 |  16.9
            +---------+---------+-------+---------+---------+-------
        D:1 |      43 |       0 |   0.0 |      25 |       0 |   0.0
        D:2 |     118 |       7 |   5.6 |      20 |       4 |  16.7
        D:3 |     131 |      55 |  29.6 |      14 |       8 |  36.4
            +---------+---------+-------+---------+---------+-------
